Map: [G8] NeoHumanity

Players

Clem - Winner!

  • Race: Terran Terran
  • Spawn Location: 5:00

Maru

  • Race: Terran Terran
  • Spawn Location: 11:00

Event: Gamers8 2023

VOD

Have the link to the VOD?

Description

Time

  • Played on: Aug. 5, 2023, 10:38 a.m.
  • Length: 7:29

All games in this series

Show
View Real Time Build Order
Export as new Build Order

Clem Terran - Winner!

Build Orders:  

Get SALT Encoding   

  12  0:00  SCV  
  13  0:12  SCV  
  14  0:16  Supply Depot  
  14  0:24  SCV  
  15  0:38  SCV  
  15  0:40  Barracks  
  16  0:43  Refinery  
  16  0:50  SCV  
  16  0:52  Refinery  
  17  1:02  SCV  
  18  1:14  SCV  
  19  1:26  Reaper  
  19  1:27  Orbital Command  
  19  1:28  Supply Depot  
  20  1:39  Factory  
  20  1:53  SCV  
  21  1:59  Reaper  
  22  2:05  SCV  
  23  2:15  Command Center  
  23  2:17  SCV  
  24  2:23  Hellion  
  24  2:29  SCV  
  27  2:32  Barracks Reactor  
  27  2:38  Supply Depot  
  27  2:41  Starport  
  27  2:43  SCV  
  28  2:46  Factory Tech Lab  
  28  2:55  SCV  
  29  3:05  Cyclone  
  32  3:07  SCV  
  32  3:08  Marine  
  32  3:09  Marine  
  32  3:12  Refinery  
  35  3:19  Starport Tech Lab  
  36  3:20  SCV  
  36  3:26  Marine x2  
  38  3:29  Orbital Command  
  38  3:33  SCV  
  39  3:37  Raven  
  41  3:45  SCV  
  41  3:47  Marine  
  41  3:48  Marine  
  43  3:50  Refinery  
  43  3:55  Siege Tank  
  43  3:59  SCV  
  43  4:01  SCV  
  48  4:07  Supply Depot  
  48  4:11  Raven, SCV  
  48  4:15  SCV  
  52  4:21  Starport  
  52  4:25  SCV  
  52  4:27  SCV  
  54  4:34  Siege Tank  
  54  4:37  SCV  
  54  4:38  Supply Depot  
  58  4:39  SCV  
  61  4:48  Supply Depot  
  61  4:49  SCV  
  61  4:51  SCV  
  61  4:59  Viking x2  
  65  5:02  Viking  
  65  5:04  Marine  
  68  5:10  Siege Tank  
  68  5:13  SCV  
  72  5:14  SCV  
  72  5:19  Supply Depot  
  73  5:25  SCV  
  74  5:29  Viking x2  
  78  5:40  Viking, Marine, SCV x2  
  78  5:41  Supply Depot  
  83  5:48  Siege Tank  
  86  5:54  Supply Depot  
  86  6:02  Viking x2, Marine, SCV  
  92  6:06  Supply Depot  
  92  6:08  SCV  
  93  6:15  Viking, SCV  
  96  6:20  Marine  
  96  6:24  Siege Tank, Supply Depot  
  96  6:25  SCV  
  101  6:27  SCV  
  101  6:40  Viking x2  
  101  6:45  Viking  
  101  6:46  Marine, Supply Depot  
  108  6:56  Siege Tank  
  108  6:59  Command Center  
  111  7:04  Marine  
Show
View Real Time Build Order
Export as new Build Order

Maru Terran 

Build Orders:  

Get SALT Encoding   

  12  0:00  SCV  
  13  0:12  SCV  
  14  0:17  Supply Depot  
  14  0:24  SCV  
  15  0:38  SCV  
  15  0:41  Barracks  
  16  0:44  Refinery  
  16  0:50  SCV  
  16  0:52  Refinery  
  17  1:03  SCV  
  18  1:15  SCV  
  19  1:28  Reaper, Orbital Command  
  19  1:31  Supply Depot  
  20  1:42  Factory  
  20  1:53  SCV  
  21  2:00  Reaper  
  22  2:07  SCV  
  23  2:20  SCV  
  24  2:26  Command Center  
  24  2:27  Hellion  
  26  2:32  SCV  
  26  2:33  Barracks Reactor  
  27  2:42  Starport  
  27  2:44  SCV  
  27  2:48  Supply Depot  
  27  2:50  Factory Tech Lab  
  28  2:56  SCV  
  29  3:08  SCV  
  29  3:09  Cyclone  
  29  3:10  Marine  
  29  3:11  Marine  
  35  3:20  SCV  
  35  3:21  Starport Tech Lab  
  36  3:28  Marine x2  
  36  3:32  SCV  
  39  3:38  Orbital Command  
  39  3:40  Raven  
  41  3:44  SCV  
  40  3:57  SCV, Orbital Command  
  40  4:00  Command Center  
  41  4:09  Siege Tank  
  44  4:11  SCV  
  45  4:17  Supply Depot  
  45  4:23  SCV x2  
  47  4:26  Raven  
  49  4:32  Refinery  
  49  4:33  Marine  
  49  4:34  Marine  
  49  4:35  SCV x2  
  53  4:47  Barracks, SCV x2  
  53  4:49  Barracks  
  53  4:52  Factory Tech Lab  
  55  4:59  SCV  
  57  5:00  SCV  
  57  5:03  Marine  
  57  5:04  Stimpack  
  58  5:10  Engineering Bay  
  58  5:11  SCV, Engineering Bay  
  58  5:12  SCV  
  60  5:14  Orbital Command  
  60  5:19  Raven  
  62  5:22  Factory Reactor  
  62  5:23  SCV  
  62  5:24  SCV  
  62  5:28  Refinery  
  64  5:34  Marine  
  65  5:41  SCV  
  65  5:42  SCV x2  
  68  5:44  Marine  
  68  5:45  Marine x2  
  68  5:49  Supply Depot  
  71  5:52  Marine  
  71  5:54  SCV x2  
  71  5:56  Combat Shield  
  72  6:00  SCV  
  73  6:04  Marine x3  
  73  6:06  SCV  
  73  6:10  Marine, SCV  
  79  6:12  Medivac x2, Supply Depot  
  82  6:19  Supply Depot  
  82  6:22  Marine x3  
  85  6:26  Missile Turret  
  85  6:30  Missile Turret  
  84  6:34  Siege Tank  
  84  6:37  Marine  
  85  6:40  Marine x2  
  85  6:42  Medivac x2  
  91  6:47  Marine  
  91  6:49  Missile Turret x2  
  91  6:55  Marine, Orbital Command  
  91  6:57  Marine x2  
  89  7:05  Marine  
Tags
 
Add a new tag
Caveats
  • Supply blocks, unpowered buildings, or Contaminate may cause inaccurate times.
  • Supply counts are checked every 10 seconds.